 Dungeon Crawl Stone Soup version 0.26-a0-651-gb41185065b (webtiles) character file.

Game seed: 16155257641429147235

3962 kae the Grappler (level 10, 0/78 HPs)
             Began as a Naga Transmuter on Oct 29, 2020.
             Was a Follower of Cheibriados.
             Slain by a kobold
             ... wielding a +0 short sword
              (6 damage)
             ... on level 8 of the Dungeon.
             The game lasted 00:06:56 (7300 turns).

kae the Grappler (Naga Transmuter)                  Turns: 7300, Time: 00:06:56

Health: 0/78       AC: -2    Str: 25    XL:     10   Next: 22%
Magic:  7/13       EV: 19    Int: 16    God:    Cheibriados [*.....]
Gold:   293        SH:  5    Dex: 20    Spells: 9/13 levels left

rFire    . . .     SeeInvis +     - Unarmed
rCold    . . .     Faith    .   (shield currently unavailable)
rNeg     . . .     Spirit   .   (armour currently unavailable)
rPois    x         Reflect  +   (helmet currently unavailable)
rElec    .         Harm     .   (cloak currently unavailable)
rCorr    .         Rampage  .   (gloves currently unavailable)
MR       ++...                  (no barding)
Stlth    ++........             m - amulet of reflection
HPRegen  0.23/turn              f - +6 ring of strength
MPRegen  0.13/turn              E - ring of protection from magic

@: spider-form, corroded, very slow
A: tiny, see invisible, spit poison 1, AC +3
a: Spit Poison, End Transformation, Bend Time, Renounce Religion


You were on level 8 of the Dungeon.
You worshipped Cheibriados.
Cheibriados was aware of your devotion.
You were a venomous arachnid creature.
You visited 2 branches of the dungeon, and saw 9 of its levels.

You collected 345 gold pieces.
You spent 52 gold pieces at shops.

Inventory:

Hand Weapons
 c - a +0 hand axe
 A - the cursed +1 mace of Big Damage (melded) {venom, *Slow rElec rF+ rN++ Dex-2}
   (You found it on level 4 of the Dungeon)

   It poisons the flesh of those it strikes.
   It affects your dexterity (-2).
   It protects you from fire.
   It insulates you from electricity.
   It greatly protects you from negative energy.
   It may slow you when you take damage.
   It has a curse placed upon it.
Armour
 g - a +0 troll leather armour (melded)
 F - a +1 cloak (melded)
 G - a +2 hat (melded)
Jewellery
 f - a +6 ring of strength (left front leg)
 m - an amulet of reflection (around neck)
 q - an uncursed ring of fire
 E - a ring of protection from magic (right front leg)
Wands
 r - a wand of iceblast (10)
 u - a wand of enslavement (5)
 x - a wand of paralysis (7)
 z - a wand of acid (14)
 D - a wand of flame (13)
Scrolls
 b - 6 scrolls of remove curse
 e - 2 scrolls of immolation
 k - 3 scrolls of blinking
 o - 2 scrolls of enchant weapon
 s - 2 scrolls of amnesia
 y - a scroll of magic mapping
 B - 2 scrolls of teleportation
 C - a scroll of enchant armour
Potions
 a - 3 potions of stabbing
 h - a potion of degeneration
 i - 3 potions of curing
 j - a potion of mutation
 l - 2 potions of flight
 n - 3 potions of haste {unknown}
 p - 3 potions of lignification {unknown}
 t - a potion of brilliance {unknown}
 w - a potion of might {unknown}


   Skills:
 - Level 1.0 Fighting
 - Level 1.5 Dodging
 + Level 10.6 Unarmed Combat
 - Level 2.0 Spellcasting
 + Level 10.4 Transmutations


You had 9 spell levels left.
You knew the following spells:

 Your Spells              Type           Power        Failure   Level
a - Beastly Appendage     Tmut           ####..       2%          1
b - Spider Form           Tmut/Pois      ###.......   21%         3

Your spell library contained the following spells:

 Spells                   Type           Power        Failure   Level
 Wereblood                Tmut           ####....     3%          2
 Blade Hands              Tmut           ####......   22%         5
 Animate Skeleton         Necr           #.....       41%         1
 Apportation              Tloc           #.....       41%         1
 Pain                     Necr           #...         41%         1
 Ice Form                 Ice/Tmut       ###.....     45%         4
 Lesser Beckoning         Tloc           #.........   73%         3
 Tukima's Dance           Hex            #.......     73%         3
 Vampiric Draining        Necr           #.........   73%         3
 Alistair's Intoxication  Tmut/Pois      ###......    77%         5
 Animate Dead             Necr           #.........   97%         4
 Agony                    Necr           #.......     100%        5
 Invisibility             Hex            #.......     100%        6


Dungeon Overview and Level Annotations

Branches:
Dungeon (8/15)             Temple (1/1) D:7
   Lair: D:8-11

Altars:
Cheibriados
Dithmenos
Elyvilon
Fedhas
Gozag
Makhleb
Nemelex Xobeh
Okawaru
Qazlal
Ru
Sif Muna
Trog
Uskayaw
Vehumet
Wu Jian
Xom
Yredelemnul
Zin
The Shining One

Shops:
D:7 *


Innate Abilities, Weirdness & Mutations

You cannot wear boots.
((Your serpentine skin is tough. (AC +3)))
You have supernaturally acute eyesight. (SInv)
((Armour fits poorly on your strangely shaped body.))
((Your system is resistant to poisons. (rPois)))
((You cover ground very slowly.))
You can spit poison.


Message History

The cursed +1 mace of Big Damage {venom, *Slow rElec rF+ rN++ Dex-2} melds into your body.
Your +1 cloak melds into your body.
Your +2 hat melds into your body.
Your +0 troll leather armour melds into your body.
The cursed +1 mace of Big Damage {venom, *Slow rElec rF+ rN++ Dex-2} stops dripping with poison.
A nearby plant withers and dies.
The kobold misses you. The big kobold misses you.
The kobold completely misses you.
The kobold throws a stone.
You reflect the stone off an invisible shield around you!
The stone hits the kobold but does no damage.
The kobold hits you with a +0 short sword!
* * * LOW HITPOINT WARNING * * *
The big kobold misses you. You block the kobold's attack.
You feel much better.
The kobold zaps a wand.
The bolt of acid hits you!
* * * LOW HITPOINT WARNING * * *
You are splashed with acid!
* * * LOW HITPOINT WARNING * * *
The bolt of acid hits the plant!
The plant is splashed with acid.
The acid corrodes the plant!
The plant begins to die.
The kobold hits you with a +0 short sword.
You die...

#. #######.##.#
#.....#.....
###♣.....'.....
###P♣......######
##P...............
#.♣...#...........
♣P..♣.#...........
♣sK♣###...........
.....KKKK# ##[(.........
.....).K###♣)))#'#......
.....♣.####.P....#......
.....## #..##....#......
...♣ ♣..#.....#......
†.. ♣.##.....#....[. ..
###..(...'......
####........#......


You could see a big kobold (very poisoned) and 5 kobolds.

Vanquished Creatures
  Erica (D:8)
  Joseph (D:8)
  Psyche (D:8)
  Sigmund (D:3)
  A water moccasin (D:7)
  An ice beast (D:7)
  An orc warrior (D:6)
  A phantom (D:8)
  3 ogres
  A centaur (D:8)
  A crocodile (D:8)
  3 bullfrogs
  5 killer bees (D:8)
  7 wights (D:7)
  3 hounds
  A jelly (D:8)
  A bullfrog zombie (D:8)
  3 orc priests
  6 orc wizards
  A centaur skeleton (D:7)
  2 bullfrog skeletons
  A gnoll shaman (D:5)
  Jessica (D:2)
  Terence (D:2)
  3 iguanas (D:5)
  5 worker ants
  A killer bee zombie (D:5)
  A hound skeleton (D:8)
  7 gnolls
  9 adders
  A white imp (D:8)
  An ufetubus (D:6)
  2 oozes (D:2)
  An adder skeleton (D:5)
  5 worms
  A dart slug (D:1)
  6 leopard geckos
  18 orcs
  3 ball pythons
  6 bats
  4 giant cockroaches
  6 goblins
  3 hobgoblins
  2 jackals (D:3)
  6 quokkas
  6 frilled lizards
  18 kobolds
  7 rats
170 creatures vanquished.

Vanquished Creatures (others)
  3 kobolds (D:8)
  18 plants (D:8)
21 creatures vanquished.

Grand Total: 191 creatures vanquished

Notes
Turn   | Place    | Note
-------+----------+-------------------------------------------
     0 | D:1      | kae the Naga Transmuter began the quest for the Orb.
     0 | D:1      | Reached XP level 1. HP: 18/18 MP: 3/3
   659 | D:1      | Found a shimmering blue altar of Sif Muna.
   773 | D:1      | Reached XP level 2. HP: 16/25 MP: 3/5
   999 | D:2      | Noticed Terence
  1170 | D:2      | Reached XP level 3. HP: 21/31 MP: 6/6
  1191 | D:2      | Found a faded altar of an unknown god.
  1196 | D:2      | Learned a level 3 spell: Spider Form
  1287 | D:2      | Found a basalt altar of Yredelemnul.
  1370 | D:2      | Reached XP level 4. HP: 28/38 MP: 3/7
  1468 | D:2      | Found a shimmering altar of Xom.
  1480 | D:2      | Killed Terence
  1590 | D:2      | Found a shimmering altar of Xom.
  1591 | D:2      | Found a shimmering altar of Xom.
  1591 | D:2      | Found a shimmering altar of Xom.
  1594 | D:2      | Found a shimmering altar of Xom.
  1646 | D:2      | Noticed Jessica
  1656 | D:2      | Killed Jessica
  1656 | D:2      | Reached XP level 5. HP: 21/44 MP: 4/8
  2533 | D:3      | Found a white marble altar of Elyvilon.
  2533 | D:3      | Found a sparkling altar of Nemelex Xobeh.
  2990 | D:3      | Noticed Sigmund
  3001 | D:3      | Killed Sigmund
  3001 | D:3      | Reached skill level 5 in Unarmed Combat
  3001 | D:3      | Reached skill level 5 in Transmutations
  3001 | D:3      | Reached XP level 6. HP: 34/51 MP: 5/9
  3345 | D:4      | Reached XP level 7. HP: 57/57 MP: 6/10
  3602 | D:4      | Got a dazzling mace
  3602 | D:4      | Identified the cursed +1 mace of Big Damage {venom, *Slow
                  | rElec rF+ rN++ Dex-2} (You found it on level 4 of the
                  | Dungeon)
  3677 | D:5      | Entered Level 5 of the Dungeon
  4142 | D:5      | You fall into a shaft and drop 1 floor!
  4178 | D:6      | Reached XP level 8. HP: 64/64 MP: 7/11
  4584 | D:6      | Found a stormy altar of Qazlal.
  5024 | D:6      | Noticed a moth of wrath
  5027 | D:6      | Found a bloodstained altar of Trog.
  5349 | D:7      | Found a sparkling altar of Nemelex Xobeh.
  5430 | D:7      | Found Sifiun's General Store.
  5433 | D:7      | Bought 2 scrolls of identify for 52 gold pieces
  5607 | D:7      | Reached XP level 9. HP: 63/70 MP: 3/12
  5708 | D:7      | Found a shimmering blue altar of Sif Muna.
  5746 | D:7      | Found a staircase to the Ecumenical Temple.
  5792 | Temple   | Entered the Ecumenical Temple
  6027 | Temple   | Became a worshipper of Cheibriados the Contemplative
  6374 | D:8      | Noticed Erica
  6381 | D:8      | Killed Erica
  6426 | D:8      | Noticed Joseph
  6442 | D:8      | Killed Joseph
  6539 | D:8      | Reached skill level 10 in Unarmed Combat
  6645 | D:8      | Reached XP level 10. HP: 70/78 MP: 10/13
  6664 | D:8      | Reached * piety under Cheibriados
  6664 | D:8      | Reached skill level 10 in Transmutations
  6736 | D:8      | Noticed Psyche
  6748 | D:8      | Killed Psyche
  7300 | D:8      | Slain by a kobold

Illustrated notes

Levels and vault maps discovered:
D:1:      sevenhm_arrival_forest_fort_small_6, layout_basic
D:2:      layout_loops_ring, old_standard_altar, xom_redecorated,
          chequers_ecumenical_altar_simple_redux, uniq_jessica, uniq_terence
D:3:      layout_loops_corners, gammafunk_temple_overflow_wave,
          kennysheep_cross_room, uniq_sigmund
D:4:      layout_rooms, wad_rectangle_vault
D:5:      layout_basic
D:6:      layout_loops_corners, grunt_qazlal_clouds, tgw_trog,
          kennysheep_generic_room_12
D:7:      layout_loops_ring, led_sif_pool, minmay_temple_entry_arrows,
          serial_shops, shop, nemelex_spade_bored_becter
D:8:      kennysheep_kobold_camp, layout_gridville, lemuel_round_altar,
          uniq_erica, uniq_grum, uniq_joseph, uniq_psyche
Temple:   nicolae_temple_figure_eight

Skill      XL: |  1  2  3  4  5  6  7  8  9 10 |
---------------+-------------------------------+-----
Transmutations | 3 5 6 8 9 10 | 10.4
Unarmed Combat | 4 5 6 8 10 | 10.6
Fighting       | |  1.0
Dodging        | |  1.5
Spellcasting   | |  2.0

Action                   |  1- 3 |  4- 6 |  7- 9 | 10-12 || total
-------------------------+-------+-------+-------+-------++-------
Melee: Hand axe          |    53 |   119 |     7 |       ||   179
       Unarmed           |     7 |    33 |   199 |    61 ||   300
       Headbutt          |     7 |     9 |     3 |       ||    19
       Punch             |     1 |     2 |     5 |       ||     8
       Mace              |       |       |    61 |    11 ||    72
 Cast: Beastly Appendage |    14 |    21 |     4 |       ||    39
       Spider Form       |     1 |     5 |    29 |    11 ||    46
 Abil: Spit Poison       |     7 |     3 |     1 |     1 ||    12
Evoke: Wand              |       |       |       |     1 ||     1
  Use: Scroll            |     6 |     5 |     5 |       ||    16
       Potion            |       |       |       |     1 ||     1
 Stab: Sleeping          |       |     1 |       |       ||     1
Armor: Robe              |     3 |       |       |       ||     3
       Troll leather arm |    12 |    49 |    33 |     5 ||    99
       Skin              |       |     1 |     6 |     2 ||     9
Dodge: Dodged            |    41 |    88 |   133 |    56 ||   318
Block: Other             |       |    31 |    68 |    16 ||   115
       Reflection        |       |       |     5 |     3 ||     8

Table legend: (Time is in decaauts)
 A = Elapsed time spent in this place.
 B = Non-inter-level travel time spent in this place.
 C = Inter-level travel time spent in this place.
 D = Time resting spent in this place.
 E = Time spent auto-exploring this place.
 F = Levels seen in this place.
 G = Mean time per level.
                   A        B        C        D        E       F      G
               +--------+--------+--------+--------+--------+-----+--------+
         Total |   9243 |   8847 |    396 |    110 |   7338 |   9 | 1027.0 |
       Dungeon |   8924 |   8566 |    358 |    110 |   7059 |   8 | 1115.5 |
        Temple |    318 |    281 |     37 |      0 |    278 |   1 |  318.0 |
               +--------+--------+--------+--------+--------+-----+--------+

Top non-repeatable levels by time:
     D:3: 1422 daAuts
     D:8: 1319 daAuts
     D:1: 1307 daAuts
     D:6: 1265 daAuts
     D:2: 1187 daAuts
     D:7: 1147 daAuts
     D:4: 837 daAuts
     D:5: 437 daAuts
  Temple: 318 daAuts
